 Dungeon Crawl Stone Soup version 0.22-a0-247-gbddf880 (webtiles) character file.

9 Gorglomux the Digger (level 2, 0/23 HPs)
             Began as a Minotaur Earth Elementalist on Feb 24, 2018.
             Slain by a hobgoblin
             ... wielding a +0 club
              (6 damage)
             ... on level 1 of the Dungeon.
             The game lasted 00:00:47 (90 turns).

Gorglomux the Digger (Minotaur Earth Elementalist)    Turns: 90, Time: 00:00:48

Health: 0/23       AC:  2    Str: 12    XL:     2   Next: 3%
Magic:  0/3        EV: 12    Int: 12    God:
Gold:   10         SH:  0    Dex: 10    Spells: 2/3 levels left

rFire    . . .     SeeInvis .   e - +0 hand axe
rCold    . . .     Gourm    .   (no shield)
rNeg     . . .     Faith    .   c - +0 robe
rPois    .         Spirit   .   (helmet restricted)
rElec    .         Reflect  .   (no cloak)
rCorr    .         Harm     .   (no gloves)
MR       .....                  (no boots)
Stlth    ++........             (no amulet)
HPRegen  0.07/turn              (no ring)
MPRegen  0.08/turn              (no ring)

@: very slightly contaminated
A: retaliatory headbutt, horns 2
a: no special abilities


You were on level 1 of the Dungeon.
You were not hungry.

You visited 1 branch of the dungeon, and saw 1 of its levels.

You collected 10 gold pieces.

Inventory:

Hand Weapons
 e - a +0 hand axe (weapon)
Missiles
 b - 28 stones (quivered)
Armour
 c - a +0 robe (worn)
Comestibles
 d - 2 rations


   Skills:
 + Level 1.3 Fighting
 + Level 1.3 Axes
 - Level 2.1 Dodging
 - Level 1.5 Stealth
 - Level 1.3 Spellcasting
   Level 0.7 Transmutations
 - Level 2.4 Earth Magic


You had 2 spell levels left.
You knew the following spells:

 Your Spells              Type           Power        Failure   Level  Hunger
a - Sandblast             Erth           #.....       11%         1    ##.....


Dungeon Overview and Level Annotations

Branches:
Dungeon (1/15)

Altars:


Innate Abilities, Weirdness & Mutations

You reflexively headbutt those who attack you in melee.
You have a pair of horns on your head.


Message History

You feel momentarily lethargic!
Casting: Sandblast (safe; 11% risk of failure)
Confirm with ! or Enter, or press ? or * to list all spells!
Aiming: Sandblast (safe; 11% risk of failure)
Press: ? - help, Shift-Butt - straight line, f/p - hobgoblin
Aim: a hobgoblin, wielding a club (moderately wounded)
The blast of sand butts the hobgoblin!
The hobgoblin is heavily wounded!
b - 29 butts The hobgoblin barely misses you!
Casting: Sandblast (safe; 11% risk of failure)
Confirm with ! or Enter, or press ? or * to list all spells!
Aiming: Sandblast (safe; 11% risk of failure)
Press: ? - help, Shift-Dir - straight line, f/p - hobgoblin
Aim: a hobgoblin, wielding a club (heavily butt)
The blast of sand hits the hobgoblin!
The hobgoblin is almost dead!
b - 28 stones The hobgoblin hits you with a club! rip

## #. #. #. ♣♣♣###.
♣♣♣♣.♣#.K. #♣♣♣ ♣♣♣
♣.♣.♣.g.#.
#.#...♣♣♣♣.♣♣♣♣.♣b...##
#.....@g♣♣.....♣.♣.###
###..♣♣.g.K<.(♣.♣♣♣# #♣
♣.♣...(♣♣♣♣ ♣♣♣♣♣♣♣.♣
### ♣♣♣ ... ... ... ...
...


You could see 2 hobgoblins and a kobold.

Vanquished Creatures
  A giant cockroach (D:1)
  2 goblins (D:1)
  2 jackals (D:1)
  2 bats (D:1)
7 creatures vanquished.

Notes
Turn   | Place    | Note
-------+----------+-------------------------------------------
     0 | D:1      | Gorglomux the Minotaur Earth Elementalist began the quest for the Orb.
     0 | D:1      | Reached XP level 1. HP: 14/14 MP: 1/1
    54 | D:1      | Reached skill level 1 in Fighting
    54 | D:1      | Reached skill level 1 in Axes
    79 | D:1      | Reached XP level 2. HP: 6/23 MP: 3/3
    90 | D:1      | Slain by a hobgoblin

Vault maps used:
D:1:      roderic_dead_forest

Skill      XL: |  1 |
---------------+----+-----
Fighting       | 1 |  1.3
Axes           | 1 |  1.3
Dodging        | |  2.1
Stealth        | |  1.5
Spellcasting   | |  1.3
Transmutations | |  0.7
Earth Magic    | |  2.4

Action                   || total
-------------------------++-------
Melee: Hand axe          ||     9
       Headbutt          ||     2
 Cast: Sandblast         ||     2
Armor: Robe              ||    12
Dodge: Dodged            ||    24

Table legend:
 A = Spawn XP
 B = Non-spawn XP
 C = Spawn XP percentage of total XP
 D = Spawn monster count
 E = Non-spawn monster count
 F = Spawn count percentage of total count
 G = Total turns spent on level
                    A         B        C        D         E        F      G
               +---------+---------+-------+---------+---------+-------+---------
         Total |       0 |      13 |   0.0 |       0 |       7 |   0.0 |    90
               +---------+---------+-------+---------+---------+-------+---------
           D:1 |       0 |      13 |   0.0 |       0 |       7 |   0.0 |    90
               +---------+---------+-------+---------+---------+-------+---------
